AoeStats
← Princesa de la FIFA

Arena

506577780Analyzed
4v4 RM · 19d ago on Sep 14, 2026· 82m 45s· 8 players
Game mode
Random Map
Map size
Large (8 player)
Population
200
Speed
Normal
Resources
Standard
Victory
Conquest
Starting age
Dark Age
Ending age
Imperial Age
RankedLock teamsTeams togetherTeam positionsShared explorationLock speedFull tech treeHidden civsTurbo modeCheats
Victory
Defeat
🇨🇦 Persians · Canada
1363
+13
🇨🇱 Slavs · Chile
1280
+17
🇨🇦 Berbers · Canada
1235
+19
🇮🇹 Bengalis · Italy
1211
+19
🇲🇽 Mapuche · Mexico
1365
-20
🇲🇽 Georgians · Mexico
1326
-18
🇪🇨 Malay · Ecuador
1293
-17
🇦🇷 Lithuanians · Argentina
1194
-13
Princesa de la FIFA
10:59 Feudal Age
12:18 Double-Bit Axe
12:17 Horse Collar
15:04 Castle Age
20:12 Wheelbarrow
20:28 Loom
25:09 Heavy Plow
25:21 Bow Saw
26:44 Hand Cart
26:42 Town Watch
28:06 Ballistics
28:28 Gold Mining
28:31 Stone Mining
31:13 Imperial Age
29:30 Masonry
29:03 Treadmill Crane
29:25 Padded Archer Armor
29:17 Fletching
30:29 Gold Shaft Mining
30:54 Leather Archer Armor
30:51 Bodkin Arrow
31:16 Elite Bolas Rider
32:26 Forging
32:35 Leather Archer Armor
33:21 Chemistry
33:19 Conscription
33:04 Malon
33:58 Crop Rotation
34:17 Ring Archer Armor
33:58 Forging
33:49 Scale Mail Armor
36:17 Masonry
36:12 Siege Engineers
37:02 Iron Casting
35:52 Pikeman
36:45 Halberdier
37:44 Chain Mail Armor
38:09 Town Patrol
38:41 Architecture
40:50 Plate Mail Armor
41:21 Blast Furnace
39:54 Elite Skirmisher
41:23 Malon
41:29 Butalmapu
47:00 Elite Kona
BP | ham.io
3:50 Loom
8:17 Feudal Age
8:10 Loom
9:22 Fletching
21:09 Horse Collar
25:21 Castle Age
23:35 Double-Bit Axe
24:51 Gold Mining
25:06 Horse Collar
26:51 Redemption
27:10 Fervor
28:37 Sanctity
33:46 Imperial Age
31:55 Bow Saw
32:58 Devotion
34:14 Wheelbarrow
34:31 Scale Barding Armor
34:36 Forging
35:24 Conscription
36:27 Svan Towers
39:16 Faith
40:06 Iron Casting
39:54 Heavy Plow
40:10 Husbandry
40:20 Bloodlines
40:52 Chain Barding Armor
42:11 Light Cavalry
42:48 Treadmill Crane
44:41 Blast Furnace
45:45 Hussar
47:56 Plate Barding Armor
48:05 Hand Cart
48:15 Elite Monaspa
51:37 Crop Rotation
51:11 Stone Mining
51:24 Cavalier
56:38 Aznauri Cavalry
59:30 Caravan
61:35 Fortified Wall
BP | ZoldyckF
2:12 Loom
9:41 Feudal Age
13:52 Castle Age
12:52 Double-Bit Axe
12:49 Horse Collar
19:17 Gold Mining
21:52 Heavy Plow
23:40 Wheelbarrow
23:27 Husbandry
24:13 Bloodlines
24:16 Forging
24:41 Redemption
25:42 Loom
26:01 Stone Mining
27:13 Bow Saw
29:36 Imperial Age
29:47 Scale Barding Armor
30:18 Iron Casting
29:53 Squires
29:34 Pikeman
30:31 Cavalier
32:39 Chemistry
32:10 Light Cavalry
33:24 Chain Barding Armor
33:23 Fletching
33:35 Scale Mail Armor
35:39 Plate Barding Armor
35:05 Halberdier
40:20 Devotion
41:29 Chain Mail Armor
41:09 Bodkin Arrow
42:27 Two-Man Saw
42:12 Paladin
45:11 Bracer
45:29 Hand Cart
45:37 Ballistics
45:29 Masonry
48:08 Tower Shields
48:29 Conscription
51:06 Hoardings
50:41 Winged Hussar
59:34 Man-at-Arms
64:30 Town Watch
65:53 Murder Holes
66:29 Architecture
MANITAS DE TEMU
10:19 Feudal Age
10:29 Feudal Age
11:13 Loom
14:56 Castle Age
13:33 Double-Bit Axe
25:33 Wheelbarrow
24:44 Town Watch
35:56 Imperial Age
35:03 Horse Collar
37:06 Forging
36:54 Arson
36:31 Pikeman
37:44 Squires
38:23 Iron Casting
37:41 Halberdier
39:26 Conscription
39:38 Town Patrol
43:49 Fletching
44:44 Bodkin Arrow
44:51 Padded Archer Armor
44:38 Crossbowman
45:27 Thumb Ring
45:20 Arbalester
46:19 Leather Archer Armor
46:09 Bracer
48:12 Chemistry
47:32 Ballistics
47:22 Elite Skirmisher
48:41 Ring Archer Armor
61:04 Capped Ram
76:51 Hand Cart
eward17
10:48 Feudal Age
14:56 Castle Age
14:10 Horse Collar
15:31 Double-Bit Axe
16:09 Heavy Plow
21:59 Wheelbarrow
22:44 Scale Barding Armor
22:49 Forging
23:28 Gold Mining
23:29 Stone Mining
24:35 Bloodlines
25:14 Hand Cart
25:58 Forging
28:24 Chain Barding Armor
30:12 Gold Shaft Mining
30:12 Stone Shaft Mining
32:47 Imperial Age
30:03 Loom
30:06 Town Watch
34:08 Plate Barding Armor
34:03 Bow Saw
34:07 Husbandry
33:42 Elite Camel Archer
34:49 Conscription
34:20 Fletching
34:31 Padded Archer Armor
34:39 Cavalier
35:23 Bodkin Arrow
36:43 Bracer
36:58 Leather Archer Armor
37:19 Iron Casting
37:48 Chemistry
39:10 Ballistics
39:40 Ring Archer Armor
39:46 Iron Casting
41:14 Maghrebi Camels
41:21 Kasbah
41:21 Maghrebi Camels
41:58 Hoardings
44:32 Thumb Ring
43:51 Elite Genitour
48:04 Blast Furnace
47:12 Siege Engineers
47:18 Masonry
47:04 Murder Holes
54:50 Treadmill Crane
55:20 Fortified Wall
54:44 Heavy Camel Rider
60:44 Caravan
SometimesUnlucky
7:28 Loom
11:57 Feudal Age
16:05 Castle Age
14:40 Double-Bit Axe
17:01 Scale Barding Armor
18:19 Bow Saw
23:13 Horse Collar
24:00 Gold Mining
25:32 Wheelbarrow
26:20 Hand Cart
26:52 Husbandry
27:03 Bloodlines
27:07 Town Watch
28:00 Heavy Plow
28:39 Gold Shaft Mining
27:44 Light Cavalry
29:26 Stone Mining
34:24 Imperial Age
31:55 Town Patrol
31:58 Kamandaran
33:01 Chain Barding Armor
32:52 Forging
35:44 Two-Man Saw
34:14 Cavalier
35:33 Plate Barding Armor
35:34 Iron Casting
34:50 Fletching
35:28 Conscription
34:30 Hussar
35:10 Crossbowman
38:35 Crop Rotation
39:33 Blast Furnace
38:29 Bodkin Arrow
39:07 Thumb Ring
39:08 Padded Archer Armor
39:03 Savar
41:23 Ballistics
42:04 Chemistry
41:20 Leather Archer Armor
43:29 Hoardings
43:08 Masonry
42:55 Murder Holes
46:22 Ring Archer Armor
58:16 Caravan
58:16 Caravan
63:26 Guilds
73:44 Coinage
72:59 Elite War Elephant
75:59 Banking
Tio Iroh.
10:09 Feudal Age
12:18 Loom
15:01 Castle Age
13:53 Double-Bit Axe
16:30 Bow Saw
16:38 Horse Collar
21:33 Wheelbarrow
22:36 Fletching
25:26 Bodkin Arrow
32:46 Stone Mining
33:27 Fortified Wall
33:55 Gold Mining
35:39 Gold Shaft Mining
36:45 Hand Cart
39:21 Imperial Age
36:38 Town Watch
37:27 Forging
37:18 Scale Mail Armor
38:47 Iron Casting
37:48 Man-at-Arms
38:29 Squires
37:49 Pikeman
38:34 Long Swordsman
39:46 Chain Mail Armor
40:18 Druzhina
40:39 Conscription
41:22 Blast Furnace
41:29 Two-Man Saw
40:03 Two-Handed Swordsman
40:58 Champion
43:47 Plate Mail Armor
46:41 Capped Ram
48:46 Coinage
50:18 Banking
49:16 Siege Ram
51:19 Halberdier
59:06 Siege Ram
63:25 Ballistics
67:59 Caravan
lillithadam20
9:18 Loom
11:13 Feudal Age
16:01 Castle Age
17:18 Fletching
22:06 Horse Collar
25:13 Gold Mining
28:32 Atonement
32:55 Double-Bit Axe
38:02 Sanctity
37:53 Fervor
40:08 Wheelbarrow
49:07 Bow Saw
49:42 Hand Cart
54:16 Imperial Age
51:56 Bodkin Arrow
53:24 Padded Archer Armor
53:06 Elite Skirmisher
55:14 Leather Archer Armor
55:34 Elite Genitour
56:33 Bracer
57:04 Ring Archer Armor
58:03 Heavy Plow
59:43 Ballistics
60:33 Chemistry
61:05 Scale Mail Armor
61:16 Forging
61:29 Town Watch
63:31 Chain Mail Armor
63:27 Forging
63:07 Pikeman
63:49 Squires
63:35 Arson
64:34 Guilds
63:51 Halberdier
67:53 Iron Casting
72:49 Iron Casting
74:46 Blast Furnace
73:39 Treadmill Crane
74:10 Masonry
75:26 Caravan
77:19 Man-at-Arms
77:25 Man-at-Arms
79:15 Bloodlines
79:06 Husbandry
80:14 Two-Man Saw
78:45 Long Swordsman
79:16 Gambesons
80:40 Two-Handed Swordsman
Connection lost

Rejoining the realm…

Still unreachable

The connection could not be restored.

Session expired

The server has moved on; the page needs a fresh start.